 Dungeon Crawl Stone Soup version 0.30-a0-578-gdee14c521f (webtiles) character file.

Game seed: 17738078159619015376

2102 Newt the Chopper (level 9, 0/69 HPs)
             Began as a Demonspawn Gladiator on Dec 31, 2022.
             Slain by a yak (11 damage)
             ... on level 6 of the Dungeon.
             The game lasted 00:05:06 (3814 turns).

Newt the Chopper (Demonspawn Gladiator)             Turns: 3814, Time: 00:05:07

Health: 0/69       AC:  8    Str: 18    XL:     9   Next: 7%
Magic:  3/3        EV: 12    Int: 18    God:
Gold:   246        SH:  0    Dex: 15    Spells: 8/8 levels left

rFire   . . .      SeeInvis .    G - +8 hand axe "Tumakona" {antimagic, rCorr}
rCold   . . .      Faith    .    (no shield)
rNeg    . . .      Spirit   .    s - +0 leather armour
rPois   .          Reflect  .    c - +0 helmet
rElec   .          Harm     .    w - +0 cloak
rCorr   +          Rampage  .    (no gloves)
Will    .....                    m - +1 pair of boots
Stlth   ++                       v - amulet of the acrobat
HPRegen 0.31/turn                f - +6 ring of intelligence
MPRegen 0.08/turn                (no ring)

@: no status effects
A: ignite blood 1, powered by pain 1, big brain 1, weakness stinger 1
a: no special abilities


You were on level 6 of the Dungeon.
You visited 1 branch of the dungeon, and saw 6 of its levels.

You collected 294 gold pieces.
You spent 48 gold pieces at shops.

Inventory:

Hand Weapons
 a - the +8 short sword "Conservator" {freeze, Dex+4}
   (You found it on level 3 of the Dungeon)

   It freezes those it strikes, dealing additional cold damage.
   It can also slow down cold-blooded creatures.
   Dex:       It affects your dexterity (+4).
 b - a +2 sling of freezing
 y - a +0 rapier
 G - the +8 hand axe "Tumakona" (weapon) {antimagic, rCorr}
   (You found it on level 4 of the Dungeon)

   It reduces the magical energy of the wielder, and disrupts the spells and
   magical abilities of those it strikes.
   Natural abilities and divine invocations are not affected.
   rCorr:     It protects you from acid and corrosion.
 H - a +2 mace of protection
Missiles
 d - 6 throwing nets (quivered)
 e - 4 javelins
Armour
 c - a +0 helmet (worn)
 m - a +1 pair of boots (worn)
 s - a +0 leather armour (worn)
 w - a +0 cloak (worn)
 A - a +0 hat
 D - a +1 ring mail of fire resistance
Jewellery
 f - a +6 ring of intelligence (left hand)
 v - an amulet of the acrobat (around neck)
Wands
 h - a wand of iceblast (18)
Scrolls
 g - 2 scrolls of fear
 j - 2 scrolls of butterflies
 k - a scroll of silence
 n - 2 scrolls of enchant armour
 p - a scroll of brand weapon
 u - 2 scrolls of fog
 x - 5 scrolls of teleportation
 B - a scroll of vulnerability
 C - a scroll of blinking
Potions
 i - a potion of magic
 l - 2 potions of flight
 o - a potion of degeneration
 q - a potion of attraction
 r - a potion of brilliance
 t - a potion of curing
 z - a potion of berserk rage {unknown}
 E - a potion of heal wounds {unknown}


   Skills:
 - Level 6.0 Fighting
 - Level 5.9 Short Blades
 - Level 6.0 Axes
 - Level 2.1 Ranged Weapons
 - Level 1.7 Throwing
 + Level 3.8 Armour
 - Level 2.6 Dodging
 - Level 2.0 Stealth


You had 8 spell levels left.
You didn't know any spells.
Your spell library contained the following spells:

 Spells                   Type           Power      Damage    Failure   Level
 Inner Flame              Hex/Fire       0%         N/A       61%         3
 Portal Projectile        Hex/Tloc       0%         N/A       61%         3
 Tukima's Dance           Hex            0%         N/A       61%         3
 Vhi's Electric Charge    Tloc/Air       0%         N/A       61%         3
 Cause Fear               Hex            0%         N/A       95%         4
 Arcjolt                  Conj/Air       0%         1d10      100%        5
 Blade Hands              Tmut           0%         N/A       100%        5
 Discord                  Hex            0%         N/A       100%        8
 Maxwell's Capacitive Co  Air            0%         ∞         100%        8


Dungeon Overview and Level Annotations

Branches:
Dungeon (6/15)
 Temple: D:4-7

Altars:
Cheibriados
Sif Muna

Shops:
D:3 ?


Innate Abilities, Weirdness & Mutations

Your demonic aura sometimes causes spilled blood to erupt in flames.
You sometimes gain a little power by taking damage.
You have an unusually large brain. (Int +2)
You have a small tail.


Message History

You hit the yak.
The yak is lightly wounded.
You slash the yak! You barely miss the yak. The yak gores you.
The yak barely misses you. The yak gores you!
You slash the yak!
The yak is moderately wounded.
You hit the yak but do no damage. You hit the yak.
The yak is engulfed in blazing flames.
The yak gores you. x2
* * * LOW HITPOINT WARNING * * *
The yak barely misses you.
You slash the yak!
The yak is almost dead.
You hit the yak. You hit the yak but do no damage.
The yak gores you but does no damage.
The yak is engulfed in blazing flames.
You kill the yak!
The yak gores you.
* * * LOW HITPOINT WARNING * * *
You have reached level 9!
Your experience leads to an increase in your attributes!
Your base attributes are Str 16, Int 12, Dex 15.
Increase (S)trength, (I)ntelligence, or (D)exterity?
You feel stronger. x2; Your demonic ancestry asserts itself...
You grow a small tail.
You slash the yak!
Your tail-slap misses the yak.
The yak is moderately wounded.
You hit the yak but do no damage. The yak closely misses you.
The yak gores you.
* * * LOW HITPOINT WARNING * * *
Unknown command.
You slash the yak!
The yak is heavily wounded.
You hit the yak. The yak barely misses you. The yak gores you.
* * * LOW HITPOINT WARNING * * *
Unknown command.
You slash the yak!
Your tail-slap misses the yak.
The yak is severely wounded.
You completely miss the yak. The yak gores you.
* * * LOW HITPOINT WARNING * * *
The yak gores you!
You die...

##### #<..#
###.######
#......####.#.
#.............
#.####Y####.#
#.# #.@..# #.#
#.Y#.# #.#
#°..... #.#
##.#.### #.#
..#.# ... #
###


You could see 2 yaks.

Vanquished Creatures
  Pikel (D:5)
  4 yaks (D:6)
  Menkaure (D:5)
  A black bear (D:4)
  An ogre (D:4)
  A centaur (D:4)
  A lemure (D:5)
  2 necrophages
  4 hounds (D:4)
  An orc priest (D:3)
  2 gnoll boudas (D:5)
  3 jellies
  2 iguanas (D:5)
  5 gnolls (D:5)
  7 adders
  An ufetubus (D:4)
  2 worms (D:3)
  2 dart slugs
  7 orcs
  8 endoplasms
  4 giant cockroaches
  11 goblins
  6 hobgoblins
  8 jackals
  2 quokkas (D:1)
  13 ball pythons
  7 bats
  A frilled lizard (D:2)
  4 kobolds (D:2)
  4 rats (D:1)
116 creatures vanquished.

Notes
Turn   | Place    | Note
-------+----------+-------------------------------------------
     0 | D:1      | Newt the Demonspawn Gladiator began the quest for the Orb.
     0 | D:1      | Reached XP level 1. HP: 16/16 MP: 1/1
    33 | D:1      | Reached skill level 1 in Stealth
    87 | D:1      | Gained mutation: You sometimes gain a little power by
                  | taking damage. [demonic ancestry]
    87 | D:1      | Reached XP level 2. HP: 21/22 MP: 2/2
   248 | D:1      | Found a faded altar of an unknown god.
   631 | D:2      | Reached XP level 3. HP: 26/28 MP: 3/3
  1430 | D:3      | Found Hayreuq's Magic Scroll Shoppe.
  1441 | D:3      | Bought a scroll of identify for 24 gold pieces
  1441 | D:3      | Bought a scroll of identify for 24 gold pieces
  1463 | D:3      | Reached XP level 4. HP: 37/37 MP: 4/4
  1500 | D:3      | Reached skill level 1 in Ranged Weapons
  1583 | D:3      | Identified the +8 short sword "Conservator" {freeze, Dex+4}
  1733 | D:3      | Gained mutation: Your demonic aura sometimes causes spilled
                  | blood to erupt in flames. [demonic ancestry]
  1733 | D:3      | Reached XP level 5. HP: 3/42 MP: 5/5
  2043 | D:4      | Noticed an ogre
  2047 | D:4      | Killed an ogre
  2119 | D:4      | Gained mutation: You have an unusually large brain. (Int
                  | +2) [demonic ancestry]
  2119 | D:4      | Reached XP level 6. HP: 48/48 MP: 6/6
  2247 | D:4      | Reached skill level 5 in Short Blades
  2276 | D:4      | Reached XP level 7. HP: 43/54 MP: 7/7
  2550 | D:4      | Identified the +8 hand axe "Tumakona" {antimagic, rCorr}
  2609 | D:4      | Reached skill level 1 in Axes
  2703 | D:5      | Entered Level 5 of the Dungeon
  2751 | D:5      | Found a large runed translucent door.
  2753 | D:5      | Found a large runed translucent door.
  2951 | D:5      | Noticed Menkaure
  2958 | D:5      | Killed Menkaure
  3153 | D:5      | Reached XP level 8. HP: 59/60 MP: 2/8
  3344 | D:5      | Noticed Pikel
  3351 | D:5      | Killed Pikel
  3748 | D:5      | Found a shimmering blue altar of Sif Muna.
  3753 | D:5      | Reached skill level 5 in Fighting
  3758 | D:5      | Found a snail-covered altar of Cheibriados.
  3812 | D:6      | Gained mutation: You have a small tail. [demonic ancestry]
  3812 | D:6      | Reached XP level 9. HP: 16/69 MP: 3/9
  3814 | D:6      | Slain by a yak

Illustrated notes

Levels and vault maps discovered:
D:1:      matt_arrival_refuge, layout_rooms, basic_ecumenical_altar
D:2:      layout_basic, grunt_ministairs_5, minmay_pentomino_u4
D:3:      layout_rooms, serial_shops, shop
D:4:      minmay_bubble_buster, layout_cave_pools
D:5:      layout_loops_ring, jmf_multi_god_temple2, uniq_pikel, uniq_menkaure
D:6:      layout_basic, minmay_temple_entry_purple_smoke, uniq_eustachio

Skill      XL: |  1  2  3  4  5  6  7  8 |
---------------+-------------------------+-----
Stealth        | 1 2 |  2.0
Fighting       | 4 6 |  6.0
Ranged Weapons | 2 |  2.1
Short Blades   | 4 5 |  5.9
Axes           | 4 6 |  6.0
Armour         | 3 |  3.8
Throwing       | |  1.7
Dodging        | |  2.6

Action                   |  1- 3 |  4- 6 |  7- 9 || total
-------------------------+-------+-------+-------++-------
Melee: Rapier            |   108 |       |       ||   108
       Short sword       |       |    48 |    18 ||    66
       Punch             |       |     1 |     3 ||     4
       Hand axe          |       |       |    88 ||    88
 Fire: Sling             |     3 |    38 |       ||    41
  Use: Scroll            |     7 |     1 |     4 ||    12
       Potion            |     3 |       |       ||     3
 Stab: Sleeping          |     7 |     1 |     2 ||    10
Armor: Leather armour    |    37 |    20 |    21 ||    78
Dodge: Dodged            |    70 |    29 |    62 ||   161

Table legend: (Time is in decaauts)
 A = Elapsed time spent in this place.
 B = Non-inter-level travel time spent in this place.
 C = Inter-level travel time spent in this place.
 D = Time resting spent in this place.
 E = Time spent auto-exploring this place.
 F = Levels seen in this place.
 G = Mean time per level.
                   A        B        C        D        E       F      G
               +--------+--------+--------+--------+--------+-----+--------+
         Total |   3828 |   3657 |    171 |    369 |   2583 |   6 |  638.0 |
       Dungeon |   3828 |   3657 |    171 |    369 |   2583 |   6 |  638.0 |
               +--------+--------+--------+--------+--------+-----+--------+

Top non-repeatable levels by time:
     D:5: 1089 daAuts
     D:2: 865 daAuts
     D:4: 670 daAuts
     D:3: 617 daAuts
     D:1: 557 daAuts
     D:6: 27 daAuts
